 Dungeon Crawl Stone Soup version 0.21-a0-504-g2eda330 (webtiles) character file.

12996 Kurtz the Thaumaturge (level 12, -18/88 HPs)
             Began as a Kobold Ice Elementalist on Nov 26, 2017.
             Was an Elder of Vehumet.
             Demolished by a stone giant (31 damage)
             ... on level 10 of the Dungeon.
             The game lasted 00:43:17 (22474 turns).

Kurtz the Thaumaturge (Kobold Ice Elementalist)    Turns: 22474, Time: 00:43:17

Health: -18/88     AC: 33    Str:  6    XL:     12   Next: 27%
Magic:  12/33      EV:  3    Int: 21    God:    Vehumet [****..]
Gold:   927        SH:  0    Dex: 15    Spells: 20/34 levels left

rFire    . . .     SeeInvis .   p - staff of energy
rCold    . . .     Gourm    .   (shield currently unavailable)
rNeg     + + +     Faith    .   (armour currently unavailable)
rPois    +         Spirit   .   (helmet currently unavailable)
rElec    .         Reflect  .   (cloak currently unavailable)
rCorr    .         Harm     +   (gloves currently unavailable)
MR       .....     NoTele   +   (boots currently unavailable)
Stlth    +++.......             q - amulet of harm
HPRegen  0.24/turn              k - ring of magical power
MPRegen  0.23/turn              i - ring of poison resistance

@: icy armour, tree-form, very slightly contaminated, slow
A: small, blurry vision 2, carnivore 3, low mp 1, screaming 1
a: Renounce Religion


You were on level 10 of the Dungeon.
You worshipped Vehumet.
Vehumet was greatly pleased with you.
You were completely stuffed.
You were a tree.
You visited 3 branches of the dungeon, and saw 13 of its levels.
You also visited: Ossuary and Bailey.

You collected 927 gold pieces.

Inventory:

Hand Weapons
 v - the +10 mace "Zozxoec" {flame, rElec MR+ Int+4 SInv Stlth-}
   (You found it on level 5 of the Dungeon)

   It has been specially enchanted to burn those struck by it, causing extra
   injury to most foes and up to half again as much damage against particularly
   susceptible opponents.
   It affects your intelligence (+4).
   It insulates you from electricity.
   It affects your resistance to hostile enchantments.
   It lets you see invisible.
   It makes you less stealthy.
Armour
 b - a +0 pair of gloves (melded)
 h - a +0 pair of boots (melded)
 s - a +2 animal skin (melded)
 t - a +0 helmet (melded)
 G - a scarf of cloud immunity
 I - the +2 ratskin cloak (melded) {+Rats rPois rN+ Str-1 Int-1 Dex+1}
   (You acquired it on level 9 of the Dungeon)

   It affects your strength (-1).
   It affects your intelligence (-1).
   It affects your dexterity (+1).
   It protects you from poison.
   It protects you from negative energy.
Magical Staves
 p - an uncursed staff of energy (weapon)
Jewellery
 i - a ring of poison resistance (right branch)
 k - a ring of magical power (left branch)
 q - an amulet of harm (around neck)
 y - an uncursed ring of wizardry
 K - an uncursed ring of protection from cold
Wands
 o - a wand of random effects (82)
 x - a wand of polymorph (25)
 z - a wand of iceblast (17)
 B - a wand of flame (73)
Scrolls
 g - 4 scrolls of teleportation
 j - 3 scrolls of enchant armour
 A - 3 scrolls of summoning {unknown}
 E - a scroll of enchant weapon
 J - a scroll of fog
 L - a scroll of remove curse
 M - a scroll of blinking
 P - 2 scrolls of amnesia
Potions
 a - a potion of ambrosia
 f - 3 potions of curing
 l - 2 potions of agility
 m - 4 potions of might
 n - a potion of cancellation
 r - a potion of lignification
 w - 2 potions of heal wounds
 C - a potion of magic
 D - a potion of invisibility
 H - a potion of brilliance
Books
 d - a book of Cantrips

   Spells                             Type                      Level
   a - Confusing Touch                Hexes                        1
   b - Animate Skeleton               Necromancy                   1
   c - Summon Small Mammal            Summoning                    1
   d - Apportation                    Translocation                1
Comestibles
 c - 3 meat rations
 u - 13 royal jellies


   Skills:
 * Level 6.7 Dodging
 + Level 6.5 Stealth
 * Level 11.5 Spellcasting
 * Level 7.0 Conjurations
 * Level 11.3 Ice Magic
 * Level 4.4 Evocations


You had 20 spell levels left.
You knew the following spells:

 Your Spells              Type           Power        Failure   Level  Hunger
a - Freeze                Ice            ####         1%          1    None
b - Throw Frost           Conj/Ice       ######       1%          2    None
c - Ozocubu's Armour      Chrm/Ice       #####...     1%          3    None
d - Throw Icicle          Conj/Ice       ######..     1%          4    None
e - Summon Ice Beast      Ice/Summ       #####...     5%          4    None


Dungeon Overview and Level Annotations

Branches:
Dungeon (10/15)            Temple (1/1) D:5            Lair (0/6) D:9
    Orc (2/2) D:9             Elf (0/3) Orc:2

Altars:
Ashenzari
Cheibriados
Dithmenos
Elyvilon
Fedhas
Gozag
Hepliaklqana
Kikubaaqudgha
Makhleb
Nemelex Xobeh
Okawaru
Qazlal
Ru
Sif Muna
Trog
Uskayaw
Vehumet
Wu Jian
Xom
Yredelemnul
Zin
The Shining One

Shops:
D:8 (   Orc:1 :

Annotations:
D:7 exclusion: downstairs
D:10 Harold


Innate Abilities, Weirdness & Mutations

You are small and have problems with some larger weapons.
You are carnivorous and can eat meat at any time.
Scrolls take you longer to read.
Your magical capacity is low. (-10% MP)
You occasionally shout uncontrollably at your foes.


Message History

Press: ? - help, Shift-Dir - straight line, f/p - stone giant
Aim: a stone giant (heavily wounded)
The bolt of acid hits the stone giant.
The stone giant is splashed with acid.
The acid corrodes the stone giant!
The stone giant is severely wounded.
The bolt of acid hits Harold.
Harold is splashed with acid.
Harold is moderately wounded.
The now-empty wand crumbles to dust.
The stone giant hits you.
Aiming: Iceblast
Press: ? - help, Shift-Dir - straight line, f/p - stone giant
Aim: a stone giant (severely wounded, covered in acid) That beam is likely to hit you.
Continue anyway?
The mass of ice explodes!
The iceblast engulfs the stone giant.
The stone giant is severely wounded.
The iceblast engulfs Harold.
Harold is heavily wounded.
The iceblast engulfs you!
* * * LOW HITPOINT WARNING * * *
The stone giant hits you!!
You die...

#.######.#.......
#...............#
#.......C......#
#.##(####.!...##
#.##.# ##....#
#.##(# ....#
#.##@# ##..@⌠.
#.##C# ..#.) #.
#♣# .# . #.# #
#.# #.# #.# ..>
#.# #.#


You could see a stone giant and Harold.

Vanquished Creatures
  2 two-headed ogres (D:8)
  Erica (D:8)
  Sonja (D:10)
  2 orc knights (Bailey)
  Pikel (D:6)
  Maurice (D:9)
  2 trolls
  2 hornets
  Prince Ribbit (D:9)
  A wyvern (D:8)
  7 yaks
  A soldier ant (D:8)
  A slave (D:5)
  6 orc warriors
  2 phantoms
  A black bear (D:7)
  5 sky beasts
  An ice beast (D:9)
  2 ogres
  3 centaurs
  An elf zombie (Ossuary)
  2 bullfrogs
  A gnoll sergeant (D:6)
  2 scorpions
  8 killer bees
  3 wights (D:7)
  2 howler monkeys
  3 crimson imps
  2 centaur zombies (Ossuary)
  8 hounds
  2 centaur skeletons
  3 orc priests
  An iguana (D:4)
  7 orc wizards
  9 worker ants
  Natasha (twice) (D:2)
  Ijyb (D:3)
  A hound zombie (D:5)
  Robin (D:2)
  17 gnolls
  15 adders
  3 shadow imps
  4 oozes
  4 worms
  2 dart slugs (D:3)
  9 leopard geckos
  47 orcs
  7 bats
  A giant cockroach (D:3)
  26 goblins
  19 hobgoblins
  10 jackals
  4 quokkas
  A ball python (D:2)
  5 frilled lizards
  4 goblin zombies
  8 hobgoblin zombies (Ossuary)
  A jackal zombie (D:5)
  10 kobolds
  7 kobold zombies (Ossuary)
  7 orc zombies (Ossuary)
  A quokka skeleton (D:5)
  3 quokka zombies
  5 rats
  A spectral orc (D:3)
323 creatures vanquished.

Vanquished Creatures (collateral kills)
  An orc warlord (Bailey)
  An orc knight (Bailey)
  2 yaks (D:9)
  4 orc warriors
  An elf zombie (Ossuary)
  9 killer bees
  2 worker ants
  A big kobold zombie (Ossuary)
  2 mummies (Ossuary)
  3 gnolls (Bailey)
  10 orcs
  10 goblins (Bailey)
  10 hobgoblins
  3 hobgoblin zombies (Ossuary)
  3 kobold zombies (Ossuary)
  An orc zombie (Ossuary)
63 creatures vanquished.

Vanquished Creatures (others)
  A howler monkey (D:6)
  An adder (D:6)
  3 orcs (D:6)
5 creatures vanquished.

Grand Total: 391 creatures vanquished

Notes
Turn   | Place    | Note
-------+----------+-------------------------------------------
     0 | D:1      | Kurtz the Kobold Ice Elementalist began the quest for the Orb.
     0 | D:1      | Reached XP level 1. HP: 10/10 MP: 3/3
   245 | D:1      | Reached XP level 2. HP: 15/15 MP: 2/5
  1191 | D:2      | Reached XP level 3. HP: 11/19 MP: 0/7
  1460 | D:1      | Learned a level 2 spell: Throw Frost
  1464 | D:1      | Learned a level 3 spell: Ozocubu's Armour
  2026 | D:2      | Reached XP level 4. HP: 24/24 MP: 6/8
  2068 | D:2      | Noticed Robin
  2213 | D:2      | Killed Robin
  2394 | D:2      | Found a glowing silver altar of Zin.
  3092 | D:2      | Noticed Natasha
  3101 | D:2      | Killed Natasha
  3101 | D:2      | Reached XP level 5. HP: 15/28 MP: 3/10
  3709 | D:2      | Noticed Natasha
  3717 | D:2      | Killed Natasha
  4198 | D:3      | Reached XP level 6. HP: 32/32 MP: 1/12
  4250 | D:3      | Reached skill level 5 in Ice Magic
  4535 | D:3      | Learned a level 4 spell: Throw Icicle
  4648 | D:3      | Found a glowing golden altar of the Shining One.
  5050 | D:3      | Noticed Ijyb
  5068 | D:3      | Killed Ijyb
  6452 | D:3      | Reached XP level 7. HP: 32/36 MP: 7/14
  6507 | D:3      | Reached skill level 5 in Spellcasting
  6755 | D:3      | Learned a level 4 spell: Summon Ice Beast
  7351 | D:3      | Found a basalt altar of Yredelemnul.
  8484 | D:4      | Found a sparkling altar of Nemelex Xobeh.
  8505 | D:4      | Found a snail-covered altar of Cheibriados.
  8790 | D:4      | Noticed a moth of wrath
  8807 | D:4      | Found a bloodstained altar of Trog.
  9551 | D:4      | Found a deep blue altar of Sif Muna.
 10425 | D:5      | Entered Level 5 of the Dungeon
 10444 | D:4      | Reached XP level 8. HP: 23/41 MP: 2/16
 10448 | D:4      | Gained mutation: Scrolls take you a little longer to read. [mutagenic meat]
 10449 | D:4      | Gained mutation: Scrolls take you longer to read. [mutagenic meat]
 10450 | D:4      | Gained mutation: You occasionally shout uncontrollably at your foes. [mutagenic meat]
 10451 | D:4      | Gained mutation: Your magical capacity is low. (-10% MP) [mutagenic meat]
 11695 | D:5      | Got a scorched mace
 11696 | D:5      | Identified the +10 mace "Zozxoec" {flame, rElec MR+ Int+4 SInv Stlth-} (You found it on level 5 of the Dungeon)
 11862 | D:5      | Found a staircase to the Ecumenical Temple.
 11957 | Temple   | Entered the Ecumenical Temple
 12319 | D:6      | Got an iridescent quarterstaff
 12320 | D:6      | Identified the +5 quarterstaff of Hatred {drain, Int-5 Dex+5} (You found it on level 6 of the Dungeon)
 12369 | D:6      | Noticed Pikel
 12510 | D:6      | Killed Pikel
 12510 | D:6      | Reached XP level 9. HP: 45/45 MP: 13/18
 12591 | D:6      | Found a radiant altar of Vehumet.
 12737 | D:6      | Became a worshipper of Vehumet
 14100 | D:7      | Found a burning altar of Makhleb.
 14336 | D:7      | Found a sand-covered staircase.
 14343 | Ossuary  | Entered an ossuary
 14361 | Ossuary  | Reached * piety under Vehumet
 14361 | Ossuary  | Offered knowledge of Sting by Vehumet.
 14531 | Ossuary  | Offered knowledge of Sandblast by Vehumet.
 14582 | Ossuary  | Reached ** piety under Vehumet
 15376 | D:8      | Noticed a two-headed ogre
 15518 | D:8      | Killed a two-headed ogre
 15518 | D:8      | Reached skill level 5 in Stealth
 15518 | D:8      | Reached XP level 10. HP: 50/50 MP: 14/20
 15642 | D:8      | Noticed a two-headed ogre
 15643 | D:8      | Found a shattered altar of Ashenzari.
 15655 | D:8      | Killed a two-headed ogre
 15655 | D:8      | Reached skill level 5 in Dodging
 15655 | D:8      | Reached skill level 5 in Conjurations
 15937 | D:8      | Noticed Erica
 15949 | D:8      | Killed Erica
 16161 | D:8      | Found an ancient bone altar of Kikubaaqudgha.
 16306 | D:8      | Offered knowledge of Static Discharge by Vehumet.
 16444 | D:8      | Found Ylove's Antique Weapon Shop.
 16906 | D:8      | Reached skill level 10 in Spellcasting
 16906 | D:8      | Reached XP level 11. HP: 45/54 MP: 7/22
 17202 | D:9      | Reached *** piety under Vehumet
 17820 | D:9      | Found a staircase to the Orcish Mines.
 17827 | Orc:1    | Entered Level 1 of the Orcish Mines
 17827 | Orc:1    | Found Heykar's Book Boutique.
 17842 | Orc:1    | Identified a scroll of acquirement
 17932 | Orc:2    | Entered Level 2 of the Orcish Mines
 17945 | Orc:1    | Found a bloodstained altar of Trog.
 18028 | Orc:1    | Reached skill level 10 in Ice Magic
 18028 | Orc:1    | Offered knowledge of Fulminant Prism by Vehumet.
 18086 | Orc:1    | Found a flagged portal.
 18095 | Bailey   | Entered a bailey
 18111 | Bailey   | Reached skill level 1 in Evocations
 18296 | Bailey   | Noticed an orc knight
 18303 | Bailey   | Reached **** piety under Vehumet
 18336 | Bailey   | Killed an orc knight
 18383 | Bailey   | Noticed an orc knight
 18580 | Bailey   | Offered knowledge of Lightning Bolt by Vehumet.
 18645 | Bailey   | Killed an orc knight
 18986 | Bailey   | Noticed an orc warlord
 19038 | Bailey   | Noticed an orc knight
 19053 | Bailey   | Killed an orc knight
 19085 | Bailey   | Killed an orc warlord
 19508 | Orc:2    | Found a staircase to the Elven Halls.
 19640 | D:9      | Reached ***** piety under Vehumet
 19695 | D:9      | Offered knowledge of Olgreb's Toxic Radiance by Vehumet.
 19902 | D:9      | Noticed Prince Ribbit
 19904 | D:9      | Killed Prince Ribbit
 20085 | D:9      | Got a warped helmet
 20096 | D:9      | Identified the +0 helmet of Inviolability {-Cast Int+3 Dex+2 Stlth+} (You acquired it on level 9 of the Dungeon)
 20112 | D:9      | Found the +2 ratskin cloak {+Rats rPois rN+ Str-1 Int-1 Dex+1}
 20173 | D:9      | Found a shadowy altar of Dithmenos.
 20571 | D:9      | Noticed Maurice
 20578 | D:9      | Killed Maurice
 20735 | D:9      | Found a staircase to the Lair.
 21168 | D:8      | Reached XP level 12. HP: 59/59 MP: 24/24
 21404 | D:10     | Entered Level 10 of the Dungeon
 21562 | D:10     | Noticed Sonja
 22360 | D:10     | Killed Sonja
 22428 | D:10     | Noticed Harold
 22458 | D:10     | Noticed a stone giant
 22474 | D:10     | Demolished by a stone giant

Vault maps used:
D:1:      evilmike_arrival_rings
D:2:      lemuel_coloured_pillars_altar, first_bread, glass_columns_a,
          uniq_robin, uniq_natasha
D:3:      kennysheep_goblin_castle, yredelemnul_forgotten_temple_becter,
          minmay_misc_feat_four_crosses, tso_metal_star
D:4:      kennysheep_little_box, lemuel_doored_altar, tgw_trog,
          old_standard_altar
D:5:      cheibrodos_fzero, temple_statues, grunt_ministairs_3
D:6:      fiery_altar_vehumet, nrook_loot_triangle, kennysheep_generic_room_5,
          uniq_pikel
D:7:      old_standard_altar, enter_ossuary_4
D:8:      kiku_gazebo_pond_becter, serial_shops, kennysheep_mini_moat,
          hangedman_pestilent_swarm, nicolae_ashenzari_panopticon, uniq_erica
D:9:      nicolae_dithmenos_shadow_blocks, nrook_mini_backslash,
          uniq_prince_ribbit1, uniq_maurice
D:10:     serial_shops, shop, jmf_multi_god_temple, uniq_harold, uniq_sonja
Temple:   minmay_temple_bridge_abc
Orc:1:    serial_shops, nicolae_shop_stone, enter_bailey_2, basic_altar,
          nicolae_orc_stony_grotto
Orc:2:    st_orc_town, guppyfry_orc_lava_fort
Ossuary:  ossuary_tomb_1
Bailey:   bailey_axe_minmay_hex_keep, bailey

Skill      XL: |  1  2  3  4  5  6  7  8  9 10 11 12 |
---------------+-------------------------------------+-----
Spellcasting   | 3 4 5 7 9 10 11 | 11.5
Ice Magic      | 4 5 6 7 8 9 10 11 | 11.3
Stealth        | 3 5 6 |  6.5
Conjurations   | 2 3 4 5 6 7 |  7.0
Dodging        | 3 4 5 6 |  6.7
Evocations     | 4 |  4.4

Action                   |  1- 3 |  4- 6 |  7- 9 | 10-12 || total
-------------------------+-------+-------+-------+-------++-------
Melee: Unarmed           |     2 |       |       |       ||     2
       Dagger            |    19 |    15 |       |       ||    34
       Trident           |       |    63 |     1 |       ||    64
       Broad axe         |       |       |    20 |       ||    20
       Mace              |       |       |    52 |     5 ||    57
       Staff             |       |       |       |     1 ||     1
 Cast: Freeze            |    35 |    72 |    63 |    41 ||   211
       Throw Frost       |     1 |    71 |    56 |    26 ||   154
       Ozocubu's Armour  |     1 |    10 |    17 |    23 ||    51
       Throw Icicle      |       |       |    88 |   169 ||   257
       Summon Ice Beast  |       |       |    10 |    46 ||    56
 Abil: Evoke Ratskin     |       |       |       |     3 ||     3
Evoke: Wand              |       |     1 |     4 |    13 ||    18
       Staff of energy   |       |       |       |    58 ||    58
  Use: Potion            |       |     1 |       |    12 ||    13
       Scroll            |       |       |    13 |    10 ||    23
 Stab: Sleeping          |       |     1 |       |       ||     1
       Distracted        |       |       |     1 |       ||     1
  Eat: Chunk             |    12 |    12 |    45 |    26 ||    95
Armor: Robe              |    13 |     4 |       |       ||    17
       Animal skin       |       |    39 |    55 |    32 ||   126
       Skin              |       |       |       |     6 ||     6
Dodge: Dodged            |    47 |   116 |   109 |    95 ||   367

Table legend:
 A = Spawn XP
 B = Non-spawn XP
 C = Spawn XP percentage of total XP
 D = Spawn monster count
 E = Non-spawn monster count
 F = Spawn count percentage of total count
 G = Total turns spent on level
                    A         B        C        D         E        F      G
               +---------+---------+-------+---------+---------+-------+---------
         Total |       0 |   18567 |   0.0 |       0 |     385 |   0.0 | 22474
               +---------+---------+-------+---------+---------+-------+---------
           D:1 |       0 |      20 |   0.0 |       0 |      14 |   0.0 |  1507
           D:2 |       0 |     201 |   0.0 |       0 |      34 |   0.0 |  2859
           D:3 |       0 |     369 |   0.0 |       0 |      65 |   0.0 |  4282
           D:4 |       0 |     516 |   0.0 |       0 |      21 |   0.0 |  2434
           D:5 |       0 |     540 |   0.0 |       0 |      19 |   0.0 |  1072
           D:6 |       0 |     861 |   0.0 |       0 |      14 |   0.0 |  1652
           D:7 |       0 |     925 |   0.0 |       0 |      19 |   0.0 |  1398
           D:8 |       0 |    4324 |   0.0 |       0 |      37 |   0.0 |  1611
           D:9 |       0 |    3294 |   0.0 |       0 |      24 |   0.0 |  3165
          D:10 |       0 |    2195 |   0.0 |       0 |      14 |   0.0 |   299
         Orc:1 |       0 |     917 |   0.0 |       0 |      16 |   0.0 |   284
       Ossuary |       0 |     310 |   0.0 |       0 |      39 |   0.0 |   289
        Bailey |       0 |    4095 |   0.0 |       0 |      69 |   0.0 |  1381
               +---------+---------+-------+---------+---------+-------+---------
